 Dungeon Crawl Stone Soup version 0.17-a0-1522-g6c5b4ba (webtiles) character file.

2380 Jb9000 the Sneak (level 9, 0/54 HPs)
             Began as a Gargoyle Fighter on July 14, 2015.
             Slain by a killer bee (6 damage)
             ... on level 9 of the Dungeon.
             The game lasted 00:30:42 (5177 turns).

Jb9000 the Sneak (Gargoyle Fighter)                 Turns: 5177, Time: 00:30:42

Health: 0/54       AC: 19    Str: 20    XL:     9   Next: 45%
Magic:  13/13      EV: 10    Int: 14    God:    Xom [..*...]
Gold:   179        SH:  0    Dex: 10    Spells: 0 memorised, 14 levels left

rFire  . . .     SeeInvis .     a - +1 war axe
rCold  . . .     Clarity  .     j - +0 ring mail
rNeg   + . .     SustAt   .     (no shield)
rPois  ∞         Gourm    .     A - +1 helmet
rElec  +         Spirit   .     K - +0 cloak
rCorr  .         Warding  .     l - +0 pair of gloves
rMut   .         Stasis   .     w - +0 pair of boots
MR     +....                    (no amulet)
Stlth  ++........               m - ring of protection from magic
                                k - +3 ring of intelligence

@: very slightly contaminated, somewhat resistant to hostile enchantments,
unstealthy
A: talons 1, slimy green scales 1, negative energy resistance 1, electricity
resistance, spit poison 1, unbreathing, petrification resistance, rot immunity,
AC +5
a: Spit Poison, Renounce Religion


You were on level 9 of the Dungeon.
You worshipped Xom.
You were a toy of Xom.
You were not hungry.

You visited 1 branch of the dungeon, and saw 7 of its levels.
You also visited: Ossuary.

You collected 179 gold pieces.

Inventory:

Hand weapons
 a - a +1 war axe (weapon)
 p - a +0 whip of holy wrath
 x - a +2 hand crossbow
 F - a +3 mace of venom
 I - a +1 dire flail
 L - a +0 arbalest
Missiles
 n - 65 poisoned needles
 r - 54 arrows
 v - 15 bolts
 H - 4 tomahawks (quivered)
Armour
 b - a +0 scale mail
 c - a +0 shield
 j - a +0 ring mail (worn)
 l - a +0 pair of gloves (worn)
 w - a +0 pair of boots (worn)
 A - a +1 helmet (worn)
 K - a +0 cloak (worn)
Jewellery
 k - a +3 ring of intelligence (left hand)
 m - a ring of protection from magic (right hand)
 y - an uncursed ring of invisibility
 B - an uncursed ring of fire
 C - an uncursed ring of flight
Magical devices
 N - a wand of slowing (28)
Scrolls
 g - a scroll of teleportation
 i - a scroll of fear
 G - 3 scrolls of remove curse
 J - 2 scrolls of recharging {unknown}
 M - a scroll of torment {unknown}
Potions
 d - a potion of might
 f - a potion of resistance {unknown}
 h - a potion of mutation {unknown}
 q - 2 potions of poison
 s - a potion of curing
 u - a potion of magic {unknown}
 z - a potion of berserk rage {unknown}
 D - a potion of cancellation
 E - 2 potions of degeneration {unknown}
Comestibles
 e - 6 bread rations


   Skills:
 + Level 5.2 Fighting
 + Level 4.1(4.6) Axes
 + Level 3.4(4.5) Maces & Flails
 + Level 2.8 Crossbows
 - Level 1.0 Throwing
 + Level 5.6 Armour
 * Level 6.5 Stealth
 + Level 5.6 Shields
 + Level 3.2 Spellcasting
 + Level 3.2 Evocations


You had 14 spell levels left.
You didn't know any spells.

Dungeon Overview and Level Annotations

Branches:
Dungeon (9/15)
 Temple: D:4-7         Lair: D:8-11         Orc: D:9-12

Altars:
Elyvilon
Fedhas
Makhleb
Okawaru
Qazlal
Xom
Yredelemnul
Zin

Shops:
D:3 *


Innate Abilities, Weirdness & Mutations

You are resistant to torment.
Your stone body is resilient (AC +5).
You are immune to poison.
You resist negative energy.
You are resistant to electric shocks.
You can survive without breathing.
You are immune to petrification.
You are immune to rotting.
You have sharp toenails.
You are partially covered in slimy green scales (AC +2).
You can spit weak poison.


Message History

You closely miss the killer bee. The killer bee barely misses you.
The killer bee completely misses you. The killer bee stings you.
* * * LOW HITPOINT WARNING * * *
The killer bee stings you but does no damage. x3
The killer bee closely misses you. The killer bee barely misses you.
The killer bee stings you but does no damage.
The killer bee stings you.
* * * LOW HITPOINT WARNING * * *
The killer bee stings you but does no damage.
The killer bee barely misses you.
You barely miss the killer bee.
The killer bee is almost dead.
You barely miss the killer bee.
The killer bee is moderately wounded.
You closely miss the killer bee.
The killer bee is severely wounded.
You miss the killer bee. The killer bee closely misses you.
The killer bee stings you.
You die...
Xom titters!

, #. ,, , , #...., y
. , , #.....**#.., ,
, ,.....###.###,* ,,
***..........# #* ,*
*####..#.#.#.#$###..
.......§..#.#.y....
# #..y§y..†.# * *
#...#.#@##...##
,#...y§y††...#
#...#.###.##### ##,
#.###.####### *
,*#.....##_'..# ,
....##..#####.# ,,..
,*#..#####.# , , ,
#........# , , ,
*#......)##


You could see 5 killer bees.

Vanquished Creatures
  A hippogriff (D:8)
  2 wraiths (Ossuary)
  Duvessa (D:4)
  An orc warrior (D:8)
  An ice beast (D:8)
  A phantom (D:8)
  2 sky beasts (D:8)
  3 ogres
  The ghost of Jb9000 the Shield-Bearer, an average GrFi (D:3)
  2 giant frogs
  A gnoll sergeant (D:8)
  Dowan (D:4)
  3 wights (Ossuary)
  5 killer bees (D:9)
  A jelly (D:9)
  An iguana (D:9)
  An orc priest (D:8)
  3 orc wizards (D:8)
  A hound (D:8)
  3 worker ants
  7 adders
  3 oozes
  An adder zombie (Ossuary)
  A worm (D:3)
  2 giant geckos
  15 orcs
  10 bats
  5 giant cockroaches
  2 gnoll zombies (D:3)
  8 goblins
  9 hobgoblins
  4 jackals
  3 ball pythons
  A ball python skeleton (Ossuary)
  5 giant newts
  A hobgoblin skeleton (Ossuary)
  3 hobgoblin zombies (Ossuary)
  11 kobolds
  2 orc skeletons (Ossuary)
  An orc zombie (Ossuary)
  3 quokkas
  9 rats
141 creatures vanquished.

Notes
Turn   | Place    | Note
--------------------------------------------------------------
     0 | D:1      | Jb9000 the Gargoyle Fighter began the quest for the Orb.
     0 | D:1      | Reached XP level 1. HP: 14/14 MP: 1/1
    14 | D:1      | Reached skill level 1 in Stealth
    23 | D:1      | Reached XP level 2. HP: 13/19 MP: 2/2
   496 | D:1      | Reached XP level 3. HP: 23/23 MP: 2/4
   625 | D:2      | Found a shimmering altar of Xom.
   625 | D:2      | Found a shimmering altar of Xom.
   626 | D:2      | Found a shimmering altar of Xom.
   626 | D:2      | Found a shimmering altar of Xom.
   628 | D:2      | Found a shimmering altar of Xom.
   657 | D:2      | Became a worshipper of Xom of Malevolent Giggling
   690 | D:2      | Reached skill level 1 in Spellcasting
   793 | D:2      | XOM: harmless Summ miscast
   962 | D:2      | Reached XP level 4. HP: 28/28 MP: 5/5
  1200 | D:2      | XOM: cast spell 'Spider Form'
  1288 | D:3      | Noticed Jb9000's ghost (average GrFi)
  1303 | D:3      | XOM: noise
  1313 | D:3      | Killed Jb9000's ghost
  1313 | D:3      | Reached skill level 4 in Shields
  1313 | D:3      | Reached XP level 5. HP: 32/32 MP: 5/7
  1439 | D:3      | Found Zin's Purification Station.
  1439 | D:3      | Found a glowing silver altar of Zin.
  1554 | D:3      | XOM: mild Tloc miscast
  1554 | D:3      | XOM: smoke on damage
  1699 | D:3      | Found a basalt altar of Yredelemnul.
  1723 | D:3      | Found a blossoming altar of Fedhas.
  2232 | D:4      | Reached skill level 1 in Evocations
  2275 | D:4      | Reached XP level 6. HP: 38/38 MP: 8/8
  2352 | D:4      | Noticed Duvessa
  2352 | D:4      | Noticed Dowan
  2355 | D:4      | XOM: divination: detect items
  2366 | D:4      | XOM: cast spell 'Dispersal'
  2366 | D:4      | Killed Duvessa
  2366 | D:4      | Reached skill level 1 in Maces & Flails
  2369 | D:4      | XOM: potion effect (berserk rage)
  2370 | D:4      | XOM: 4-stop teleportation journey
  2449 | D:4      | XOM: 1-stop teleportation journey
  2506 | D:4      | Found a burning altar of Makhleb.
  2510 | D:4      | Found an iron altar of Okawaru.
  2679 | D:4      | XOM: harmless Tloc miscast
  2720 | D:4      | XOM: give mutations
  2720 | D:4      | Gained mutation: You are partially covered in slimy green scales (AC +2). [Xom's grace]
  2720 | D:4      | Gained mutation: You have sharp toenails. [Xom's grace]
  2720 | D:4      | Gained mutation: You can spit weak poison. [Xom's grace]
  2845 | D:4      | XOM: colour smoke trail
  2860 | D:4      | XOM: noise
  2978 | D:4      | Killed Dowan
  2978 | D:4      | Reached skill level 1 in Throwing
  2978 | D:4      | Reached XP level 7. HP: 22/42 MP: 9/9
  3085 | D:4      | Noticed an ogre
  3092 | D:4      | Killed an ogre
  3274 | D:5      | Entered Level 5 of the Dungeon
  3286 | D:5      | You fall through a shaft for 3 floors!
  3346 | D:8      | XOM: draining
  3385 | D:8      | XOM: harmless Tloc miscast
  3428 | D:8      | XOM: mild Pois miscast
  3449 | D:8      | Reached skill level 1 in Crossbows
  3512 | D:8      | Reached XP level 8. HP: 46/48 MP: 11/11
  3600 | D:8      | Reached skill level 5 in Armour
  3638 | D:8      | Noticed a hippogriff
  3648 | D:8      | XOM: silly message
  3649 | D:8      | Killed a hippogriff
  3649 | D:8      | Reached skill level 5 in Stealth
  3665 | D:8      | Reached skill level 5 in Shields
  3844 | D:8      | Found a sand-covered staircase.
  3864 | Ossuary  | Entered an ossuary
  4008 | Ossuary  | Noticed a flying skull
  4031 | Ossuary  | Noticed a flying skull
  4048 | Ossuary  | Noticed a flying skull
  4172 | Ossuary  | Noticed a flying skull
  4182 | Ossuary  | XOM: silly message
  4188 | Ossuary  | XOM: confuse monster(s)
  4199 | Ossuary  | Reached XP level 9. HP: 50/52 MP: 13/13
  4344 | D:8      | XOM: mild Pois miscast
  4484 | D:8      | XOM: cast spell 'Blink'
  4502 | D:8      | Reached skill level 5 in Fighting
  4502 | D:8      | Reached skill level 6 in Stealth
  4518 | D:8      | XOM: scenery: create altars
  4600 | D:8      | XOM: harmless Divn miscast
  4620 | D:8      | XOM: god gift: 19 gold pieces
  4626 | D:8      | Found a stormy altar of Qazlal.
  4921 | D:8      | XOM: divination: detect creatures
  5096 | D:9      | Found a white marble altar of Elyvilon.
  5136 | D:9      | XOM: potion effect (invisibility)
  5142 | D:9      | XOM: silly message
  5149 | D:9      | XOM: divination: magic mapping
  5174 | D:9      | XOM: smoke on damage
  5177 | D:9      | Slain by a killer bee

Vault maps used:
D:1:      tarquinn_simple_flora_water_c, feat_on_display
D:2:      xom_redecorated
D:3:      zin_purify, fedhas_altar_2, lemuel_zombie_altar_yredelemnul
D:4:      minitemple, first_bread, uniq_duvessa
D:5:      led_sif_book, water_boxes_lemuel
D:8:      lightli_ossuary_entry_decrepit_ruins, basic_altar
D:9:      kennysheep_mini_moat, david_nohive_1
Ossuary:  ossuary_due_cavern

Action                   |  1- 3 |  4- 6 |  7- 9 || total
-------------------------+-------+-------+-------++-------
Melee: War axe           |   111 |    65 |    41 ||   217
       Mace              |       |   112 |   121 ||   233
       Dire flail        |       |       |    31 ||    31
 Fire: Hand crossbow     |       |       |    35 ||    35
       Arbalest          |       |       |    13 ||    13
Throw: Tomahawk          |       |       |     2 ||     2
  Use: Scroll            |       |     6 |    10 ||    16
       Potion            |       |     2 |    10 ||    12
 Stab: Distracted        |       |     1 |       ||     1
       Sleeping          |       |     2 |     7 ||     9
       Confused          |       |       |     3 ||     3
       Invisible         |       |       |    12 ||    12
  Eat: Chunk             |       |     3 |     1 ||     4
       Meat ration       |       |     1 |     1 ||     2
       Royal jelly       |       |     1 |       ||     1
       Fruit             |       |       |     2 ||     2
